 Dungeon Crawl Stone Soup version 0.31.0-32-g396128a36d (webtiles) character file.

Game seed: 1109955794397866297

220 mainiacjoe the Charlatan (level 5, -3/40 HPs)
             Began as a Minotaur Artificer on Mar 31, 2024.
             Was a Believer of the Shining One.
             Killed from afar by an orc (16 damage)
             ... with an iceblast
             ... on level 4 of the Dungeon.
             The game lasted 00:06:47 (2332 turns).

mainiacjoe the Charlatan (Minotaur Artificer)       Turns: 2332, Time: 00:06:48

Health: -3/40      AC:  9    Str: 17    XL:     5   Next: 64%
Magic:  4/4        EV: 10    Int:  8    God:    the Shining One [**....]
Gold:   197        SH:  0    Dex: 12    Spells: 4/4 levels left

rFire   . . .        a - +1 orcbow
rCold   . . .        (shield currently unavailable)
rNeg    + . .        j - +0 ring mail
rPois   .            (helmet restricted)
rElec   .            (no cloak)
rCorr   .            (no gloves)
SInv    .            (no boots)
Will    .....        (no amulet)
Stlth   +            f - +4 ring of protection
HPRegen 0.26/turn    (no ring)
MPRegen 0.09/turn

%: no passive effects
@: glowing
A: horns 2, retaliatory headbutt
a: Renounce Religion, Divine Shield


You were on level 4 of the Dungeon.
You worshipped the Shining One.
The Shining One was pleased with you.
You visited 1 branch of the dungeon, and saw 4 of its levels.

You collected 197 gold pieces.

Inventory:

Hand Weapons
 a - a +1 orcbow (weapon)
 b - a +2 rapier of venom
 l - a +0 sling
 n - a +1 dagger of venom
 r - a +0 dagger of speed
 s - a +0 quarterstaff
 A - a +1 whip of freezing
Missiles
 g - 6 boomerangs
 h - 43 stones
 m - 11 poisoned darts
Armour
 i - a +0 leather armour
 j - a +0 ring mail (worn)
Jewellery
 f - a +4 ring of protection (left hand)
Wands
 c - a wand of flame (11)
 d - a wand of charming (15)
 e - a wand of iceblast (5)
Potions
 o - a potion of curing
 t - a potion of brilliance {unknown}
 v - a potion of mutation {unknown}
 w - 2 potions of degeneration {unknown}
 x - a potion of berserk rage {unknown}
 z - a potion of might {unknown}


   Skills:
 - Level 1.2 Fighting
 + Level 2.5 Short Blades
 + Level 3.8 Ranged Weapons
 - Level 2.4 Armour
 - Level 1.1 Dodging
 - Level 0.7 Stealth
 + Level 0.6 Invocations
 - Level 4.0 Evocations


You had 4 spell levels left.
You didn't know any spells.
Your spell library contained the following spells:

 Spells                   Type           Power      Damage    Failure   Level
 Sublimation of Blood     Necr           0%         N/A       75%         2
 Brom's Barrelling Bould  Conj/Erth      0%         2d3       100%        4
 Petrify                  Alch/Erth      0%         N/A       100%        4
 Fireball                 Conj/Fire      0%         3d3       100%        5
 Irradiate                Conj/Alch      0%         3d11      100%        5
 Iskenderun's Battlesphe  Conj           0%         2d6       100%        5
 Conjure Ball Lightning   Conj/Air       0%         3x3d6     100%        6
 Orb of Destruction       Conj           0%         9d5       100%        7


Dungeon Overview and Level Annotations

Branches:
Dungeon (4/15)
 Temple: D:4-7

Altars:
Hepliaklqana
The Shining One


Innate Abilities, Weirdness & Mutations

You have a pair of horns on your head.
You reflexively headbutt those who attack you in melee.


Message History

The orc hits you with a +0 mace.
You shoot an arrow. The arrow hits the orc.
You kill the orc!
The orc hits you but does no damage.
An orc priest comes into view. It is wielding a +0 flail.
You shoot an arrow. The arrow hits the orc.
The orc is moderately wounded.
The orc hits you but does no damage.
You shoot an arrow. The arrow barely misses the orc.
The orc priest miscasts a cantrip.
The orc barely misses you. The orc hits you but does no damage.
You shoot an arrow.
The arrow hits the orc but does no damage.
The orc is moderately wounded.
The orc barely misses you. You furiously retaliate!
You headbutt the orc!
You kill the orc!
The orc priest calls down the wrath of Beogh upon you.
Beogh smites you!
You shoot an arrow. The arrow hits the endoplasm.
You kill the endoplasm!
You shoot an arrow. The arrow barely misses the orc priest.
You shoot an arrow. The arrow hits the orc priest.
The orc priest is lightly wounded.
You shoot an arrow. The arrow hits the orc priest!
The orc priest is severely wounded.
The orc priest calls down the wrath of Beogh upon you.
Beogh smites you!
The orc priest miscasts a cantrip.
You are too injured to fight recklessly!
You are too injured to fight recklessly!
You are too injured to fight recklessly!
You are too injured to fight recklessly!
Unknown command.
You shoot an arrow. The arrow hits the orc priest.
You kill the orc priest!
The Shining One accepts your kill.
You feel better.
The orc zaps a wand.
The mass of ice explodes!
The iceblast engulfs you!
The orc zaps a wand.
The mass of ice explodes!
The iceblast engulfs you!
You die...

...####'#'##
...........#
...........#
...........#
...####'#..# ..
#.#..### . . #.#....
... #.##.#######.)...
#........@.o.....
#.......####.....
#####.##...>####.....
#...).#.........[.. .
#.#####.##.>####...
#.##..# #.##..#
#.##..# #.##.##


You could see an orc.

Vanquished Creatures
  A centaur (D:3)
  An orc priest (D:4)
  Terence (D:2)
  An adder (D:2)
  A ribbon worm (D:2)
  A dart slug (D:2)
  8 orcs
  5 ball pythons
  3 endoplasms
  5 giant cockroaches
  5 goblins
  5 hobgoblins
  2 jackals (D:2)
  5 kobolds
  3 quokkas (D:1)
  8 bats
  4 frilled lizards
  5 rats
64 creatures vanquished.

Notes
Turn   | Place    | Note
-------+----------+-------------------------------------------
     0 | D:1      | mainiacjoe the Minotaur Artificer began the quest for the
                  | Orb.
     0 | D:1      | Reached XP level 1. HP: 16/16 MP: 0/0
    25 | D:1      | Found a faded altar of an unknown god.
    49 | D:1      | Prayed at the altar of an unknown god.
    49 | D:1      | Became a worshipper of the Shining One
    49 | D:1      | Reached * piety under the Shining One
    68 | D:1      | Reached skill level 3 in Evocations
    98 | D:1      | Reached XP level 2. HP: 21/23 MP: 1/1
   790 | D:2      | Reached XP level 3. HP: 25/28 MP: 2/2
   849 | D:2      | Noticed Terence
   861 | D:2      | Killed Terence
   862 | D:2      | Reached skill level 4 in Evocations
   862 | D:2      | Reached skill level 1 in Ranged Weapons
   877 | D:2      | Reached XP level 4. HP: 34/35 MP: 3/3
  1469 | D:3      | Reached ** piety under the Shining One
  1746 | D:3      | Found a hazy altar of Hepliaklqana.
  2048 | D:3      | Noticed a centaur
  2059 | D:3      | Killed a centaur
  2060 | D:3      | Reached XP level 5. HP: 16/40 MP: 4/4
  2332 | D:4      | Killed from afar by an orc

Illustrated notes

Levels and vault maps discovered:
D:1:      lightli_arrival_isolated_outpost, layout_basic,
          basic_ecumenical_altar, minmay_tiny_reverse_x
D:2:      layout_basic, uniq_terence
D:3:      layout_loops_ring, overflow_temple_1_default, corexii_shack
D:4:      layout_basic, elyvilon_altar_1, gammafunk_ghost_necromancy

Skill      XL: |  1  2  3  4 |
---------------+-------------+-----
Evocations     | 3 4 |  4.0
Ranged Weapons | 2 3 |  3.8
Short Blades   | 2 |  2.5
Fighting       | |  1.2
Armour         | |  2.4
Dodging        | |  1.1
Stealth        | |  0.7
Invocations    | |  0.6

Action                     |  1- 3 |  4- 6 || total
---------------------------+-------+-------++-------
  Melee: Club              |    16 |       ||    16
         Headbutt          |     4 |       ||     4
         Dagger            |    12 |       ||    12
   Fire: Shortbow          |    44 |    77 ||   121
         Orcbow            |       |    27 ||    27
  Evoke: Wand              |     4 |       ||     4
    Use: Scroll            |     1 |     6 ||     7
 Armour: Leather armour    |    11 |       ||    11
         Ring mail         |    28 |    53 ||    81
  Dodge: Dodged            |    39 |    26 ||    65
